 Dungeon Crawl Stone Soup version 0.30-a0-696-g2367cd04db (webtiles) character file.

Game seed: 18219468499002741694

38 hurflehork the Ruffian (level 3, 0/36 HPs)
             Began as a Troll Berserker on Jan 21, 2023.
             Was a Believer of Trog.
             Slain by a gnoll
             ... wielding a +0 flail
              (5 damage)
             ... on level 3 of the Dungeon.
             The game lasted 00:07:25 (487 turns).

hurflehork the Ruffian (Troll Berserker)             Turns: 487, Time: 00:07:26

Health: 0/36       AC:  4    Str: 27    XL:     3   Next: 25%
Magic:  2/2        EV: 10    Int:  3    God:    Trog [**....]
Gold:   76         SH:  0    Dex:  9    Spells: 2/2 levels left

rFire   . . .      SeeInvis .    j - +0 war axe
rCold   . . .      Faith    .    (no shield)
rNeg    . . .      Spirit   .    a - +0 animal skin
rPois   .          Reflect  .    (helmet restricted)
rElec   .          Harm     .    (no cloak)
rCorr   .          Rampage  .    (gloves unavailable)
Will    .....                    (boots unavailable)
Stlth   +                        (no amulet)
HPRegen 1.06/turn                (no ring)
MPRegen 0.08/turn                (no ring)

@: no status effects
A: large, unfitting armour, claws 3, regeneration 1, shaggy fur 1, tough skin 1
a: Renounce Religion, Berserk, Trog's Hand


You were on level 3 of the Dungeon.
You worshipped Trog.
Trog was pleased with you.
You visited 1 branch of the dungeon, and saw 3 of its levels.

You collected 76 gold pieces.

Inventory:

Hand Weapons
 e - a +0 mace
 f - a +0 club
 g - a +0 dagger
 j - a +0 war axe (weapon)
Missiles
 c - 12 stones (quivered)
Armour
 a - a +0 animal skin (worn)
 l - a +0 ring mail
Scrolls
 b - a scroll of fog {unknown}
 d - a scroll of teleportation {unknown}
 k - a scroll of amnesia {unknown}
Potions
 h - a potion of attraction {unknown}
 i - a potion of haste {unknown}
 m - a potion of ambrosia {unknown}


   Skills:
 + Level 2.7 Fighting
 + Level 3.0 Dodging
 + Level 3.5 Unarmed Combat


You had 2 spell levels left.
You didn't know any spells.
Your spell library contained the following spells:

 Spells                   Type           Power      Damage    Failure   Level
 Sublimation of Blood     Necr           0%         N/A       67%         2
 Petrify                  Tmut/Erth      0%         N/A       99%         4
 Irradiate                Conj/Tmut      0%         3d11      100%        5


Dungeon Overview and Level Annotations

Branches:
Dungeon (3/15)

Altars:


Innate Abilities, Weirdness & Mutations

You are too large for most types of armour.
You have claws for hands.
Your natural rate of healing is unusually fast.
You are covered in fur. (AC +1)
You have tough skin. (AC +1)


Message History

The gnoll barely misses you.
There is an open door here.
You barely miss the gnoll. The gnoll hits you with a +0 spear.
The gnoll closely misses you. The endoplasm freezes you.
You are frozen.
You hit the gnoll.
The gnoll is moderately wounded.
You hit the endoplasm. The endoplasm barely misses you.
The gnoll hits you with a +0 spear.
You hit the gnoll. You claw the gnoll.
You kill the gnoll!
Trog accepts your kill.
You slash the endoplasm!
You kill the endoplasm!
Trog accepts your kill. The gnoll closely misses you.
Your Dodging skill increases to level 3!
You have reached level 3!
Your experience leads to an increase in your attributes!
Increase (S)trength, (I)ntelligence, or (D)exterity?
You feel stronger. x3
You barely miss the gnoll. The gnoll hits you with a +0 flail.
You closely miss the gnoll. The gnoll closely misses you.
The gnoll hits you with a +0 flail!
You closely miss the gnoll. The gnoll hits you with a +0 flail.
You completely miss the gnoll. The gnoll hits you with a +0 flail!
* * * LOW HITPOINT WARNING * * *
The gnoll barely misses you.
You slash the gnoll!
The gnoll is severely wounded.
The gnoll closely misses you.
You hit the gnoll.
The gnoll is almost dead.
The gnoll closely misses you. The gnoll hits you with a +0 flail.
* * * LOW HITPOINT WARNING * * *
You closely miss the gnoll.
The gnoll is almost dead.
The gnoll hits you with a +0 flail.
You die...

# #+# ♣♣ . .
##.## . ♣♣ .## .♣
.?. .♣.. ...#.
#g##JP♣♣♣♣ #.#)
#@#.......
#...♣♣♣#.♣♣.♣♣♣.
#..♣.....♣.♣...
#§♣...♣.P.♣ #
#P♣♣♣...♣.♣♣♣P♣.
#P♣♣..♣♣.P♣P.P.
#§§♣♣.♣..PPP♣.♣.P
♣..§....♣P..P.♣
♣.♣..P♣P..♣.P.


You could see a gnoll.

Vanquished Creatures
  A gnoll (D:3)
  A dart slug (D:1)
  5 endoplasms
  A goblin (D:2)
  A hobgoblin (D:3)
  3 jackals (D:1)
  A kobold (D:1)
  4 quokkas
  2 ball pythons (D:1)
  A bat (D:2)
  2 frilled lizards
  3 rats
25 creatures vanquished.

Vanquished Creatures (others)
  12 plants
12 creatures vanquished.

Grand Total: 37 creatures vanquished

Notes
Turn   | Place    | Note
-------+----------+-------------------------------------------
     0 | D:1      | hurflehork the Troll Berserker began the quest for the Orb.
     0 | D:1      | Reached XP level 1. HP: 22/22 MP: 0/0
   132 | D:1      | Reached XP level 2. HP: 29/29 MP: 1/1
   450 | D:3      | Reached ** piety under Trog
   481 | D:3      | Reached XP level 3. HP: 25/36 MP: 2/2
   487 | D:3      | Slain by a gnoll

Illustrated notes

Levels and vault maps discovered:
D:1:      dpeg_arrival_snail, layout_loops_ring, ebering_ecumenical_altar_rust
D:2:      layout_loops_cross, serial_forest, infiniplex_forest_clump_small,
          infiniplex_forest_corner_2, infiniplex_forest_lined_3_way,
          infiniplex_forest_straight_1, infiniplex_forest_clump_double,
          infiniplex_forest_straight_2, basic_altar, palyth_stone_intersect,
          uniq_jessica, uniq_natasha
D:3:      wad_woods_tower, layout_loops_ring, serial_shops, shop,
          minmay_starry_boxes

Skill      XL: |  1  2 |
---------------+-------+-----
Dodging        | 3 |  3.0
Fighting       | |  2.7
Unarmed Combat | |  3.5

Action                   || total
-------------------------++-------
Melee: Unarmed           ||    38
       War axe           ||    35
       Punch             ||     1
Armor: Animal skin       ||    24
Dodge: Dodged            ||    43

Table legend: (Time is in decaauts)
 A = Elapsed time spent in this place.
 B = Non-inter-level travel time spent in this place.
 C = Inter-level travel time spent in this place.
 D = Time resting spent in this place.
 E = Time spent auto-exploring this place.
 F = Levels seen in this place.
 G = Mean time per level.
                   A        B        C        D        E       F      G
               +--------+--------+--------+--------+--------+-----+--------+
         Total |    500 |    238 |    262 |      0 |      0 |   3 |  166.7 |
       Dungeon |    500 |    238 |    262 |      0 |      0 |   3 |  166.7 |
               +--------+--------+--------+--------+--------+-----+--------+

Top non-repeatable levels by time:
     D:1: 260 daAuts
     D:3: 131 daAuts
     D:2: 108 daAuts
